 Dungeon Crawl Stone Soup version 0.27-a0-506-g2188dfaaa0 (webtiles) character file.

Game seed: 8351600939207966139

15 Morbidden the Skirmisher (level 2, -4/24 HPs)
             Began as a Demonspawn Fighter on Mar 3, 2021.
             Slain by a gnoll
             ... wielding a +0 club
              (7 damage)
             ... on level 2 of the Dungeon.
             The game lasted 00:00:16 (589 turns).

Morbidden the Skirmisher (Demonspawn Fighter)        Turns: 589, Time: 00:00:16

Health: -4/24      AC:  6    Str: 16    XL:     2   Next: 34%
Magic:  2/2        EV:  6    Int:  9    God:
Gold:   49         SH:  8    Dex: 12    Spells: 1/1 levels left

rFire    . . .     SeeInvis .   a - +0 long sword
rCold    . . .     Faith    .   c - +0 kite shield
rNeg     . . .     Spirit   .   b - +0 scale mail
rPois    .         Reflect  .   (no helmet)
rElec    .         Harm     .   (no cloak)
rCorr    .         Rampage  .   (no gloves)
Will     .....                  (no boots)
Stlth    ..........             (no amulet)
HPRegen  0.08/turn              (no ring)
MPRegen  0.08/turn              (no ring)

@: no status effects
A: powered by death 1
a: no special abilities


You were on level 2 of the Dungeon.
You visited 1 branch of the dungeon, and saw 2 of its levels.

You collected 49 gold pieces.

Inventory:

Hand Weapons
 a - a +0 long sword (weapon)
Armour
 b - a +0 scale mail (worn)
 c - a +0 kite shield (worn)
Scrolls
 f - a scroll of identify {unknown}
Potions
 d - a potion of might
 e - 2 potions of brilliance {unknown}
 g - a potion of curing {unknown}


   Skills:
 + Level 3.2 Fighting
 + Level 1.8 Long Blades
 + Level 2.9 Armour
 + Level 3.0 Shields


You had one spell level left.
You didn't know any spells.
Your spell library was empty.

Dungeon Overview and Level Annotations

Branches:
Dungeon (2/15)

Altars:


Innate Abilities, Weirdness & Mutations

You regenerate a little health from kills.


Message History

A gnoll comes into view. It is wielding a +0 spear.
The gnoll shouts!
A gnoll comes into view. It is wielding a +0 spear.
The gnoll shouts!
You hear an angry hiss.
You block the gnoll's attack.
The gnoll picks up 23 stones.
A goblin comes into view. It is wielding a +0 dagger.
The gnoll moves out of view.
Found a ring mail.
You barely miss the gnoll. The gnoll completely misses you.
You block the gnoll's attack. The gnoll hits you with a +0 club.
The gnoll hits you from afar with a +0 spear.
The gnoll closely misses you. You block the gnoll's attack.
Unknown command.
You closely miss the gnoll. The gnoll hits you.
You block the gnoll's attack. x2
The gnoll barely misses you.
Unknown command.
You closely miss the gnoll.
An adder comes into view.
The gnoll hits you but does no damage. x6; You block the gnoll's attack.
Unknown command.
Your shield prevents you from hitting the gnoll.
You block the gnoll's attack. The gnoll barely misses you. x2
You block the gnoll's attack. x2
Unknown command.
You hit the gnoll.
The gnoll is heavily wounded.
The gnoll hits you but does no damage.
The gnoll hits you from afar with a +0 spear.
You block the gnoll's attack. x3; The gnoll hits you but does no damage.
The gnoll hits you from afar with a +0 spear.
Unknown command.
You hit the gnoll.
The gnoll is heavily wounded.
The gnoll hits you with a +0 club. The gnoll hits you.
The gnoll hits you from afar with a +0 spear.
* * * LOW HITPOINT WARNING * * *
The gnoll hits you from afar with a +0 spear.
* * * LOW HITPOINT WARNING * * *
The gnoll hits you with a +0 club!
You die...

#.#.#.#.#.#....... ..
.................#
#.#.#.#.#.#.#.......# .
...................# #.#
#.#.#.#.#.#.#......# ..
.. .......##......#
.#.#.#.#.#.#.#. #......#
......g.......# ######'#
#@#.#.#.#####.....
......g.................
.#.#.#g#g#.#).#####.....
.. .. g. .# ##.... ...
... ..# # #####.... ..
.... ... #......<. .
....[ ...# #.###....
...... ...# #.#.....#
#.#.....#


You could see 4 gnolls and a goblin.

Vanquished Creatures
  An adder (D:2)
  2 bats
  A goblin (D:2)
  2 frilled lizards
  A rat (D:2)
7 creatures vanquished.

Notes
Turn   | Place    | Note
-------+----------+-------------------------------------------
     0 | D:1      | Morbidden the Demonspawn Fighter began the quest for the
                  | Orb.
     0 | D:1      | Reached XP level 1. HP: 18/18 MP: 1/1
    84 | D:1      | You fall into a shaft and drop 1 floor!
   118 | D:2      | Gained mutation: You regenerate a little health from kills.
                  | [demonic ancestry]
   118 | D:2      | Reached XP level 2. HP: 12/24 MP: 2/2
   589 | D:2      | Slain by a gnoll

Illustrated notes

Levels and vault maps discovered:
D:1:      elethiomel_arrival_infinity_welcomes_careful_drivers, layout_rooms
D:2:      layout_basic, hex_large

Skill      XL: |  1  2 |
---------------+-------+-----
Shields        | 3 |  3.0
Fighting       | |  3.2
Long Blades    | |  1.8
Armour         | |  2.9

Action                   || total
-------------------------++-------
Melee: Long sword        ||    24
Armor: Scale mail        ||    22
Dodge: Dodged            ||     9
Block: Kite shield       ||    22
       Rpst.: Long sword ||     2

Table legend: (Time is in decaauts)
 A = Elapsed time spent in this place.
 B = Non-inter-level travel time spent in this place.
 C = Inter-level travel time spent in this place.
 D = Time resting spent in this place.
 E = Time spent auto-exploring this place.
 F = Levels seen in this place.
 G = Mean time per level.
                   A        B        C        D        E       F      G
               +--------+--------+--------+--------+--------+-----+--------+
         Total |    600 |    600 |      0 |      0 |    547 |   2 |  300.0 |
       Dungeon |    600 |    600 |      0 |      0 |    547 |   2 |  300.0 |
               +--------+--------+--------+--------+--------+-----+--------+

Top non-repeatable levels by time:
     D:2: 515 daAuts
     D:1: 85 daAuts
